 Dungeon Crawl Stone Soup version 0.28-a0-793-g31680bbd8b (webtiles) character file.

Game seed: 14625192063102683913

10721 DungeonMaster the Fighter (level 11, 0/90 HPs)
             Began as a Demonspawn Wanderer on Nov 5, 2021.
             Was an Initiate of Gozag.
             Slain by a boulder beetle (44 damage)
             ... on level 9 of the Dungeon.
             The game lasted 00:32:12 (17199 turns).

DungeonMaster the Fighter (Demonspawn Wanderer)    Turns: 17199, Time: 00:32:12

Health: 0/90       AC: 18    Str: 21    XL:     11   Next: 39%
Magic:  0/11       EV: 11    Int: 12    God:    Gozag
Gold:   175        SH:  0    Dex: 15    Spells: 10/10 levels left

rFire   . . .      SeeInvis .   a - +4 quarterstaff (chaos)
rCold   . . .      Faith    .   (shield currently unavailable)
rNeg    + . .      Spirit   +   H - +1 chain mail {rPois}
rPois   +          Reflect  .   (helmet restricted)
rElec   .          Harm     .   y - +0 cloak
rCorr   .          Rampage  .   b - +2 pair of gloves
Will    .....                   N - +0 pair of boots {Fly}
Stlth   ..........              e - amulet of guardian spirit
HPRegen 0.25/turn               c - +6 ring of strength
MPRegen 0.12/turn               k - ring of positive energy

@: gold aura, flying
A: hooves 2, horns 2, powered by pain 2, spiny 1, demonic touch 1
a: Renounce Religion, Potion Petition, Call Merchant, Bribe Branch


You were on level 9 of the Dungeon.
You worshipped Gozag.
Gozag was aware of your devotion.
You visited 2 branches of the dungeon, and saw 10 of its levels.
You also visited: Bailey.

You collected 2829 gold pieces.
You spent 651 gold pieces at shops.
You paid 2003 gold pieces to Gozag.

Inventory:

Hand Weapons
 a - a +4 quarterstaff of chaos (weapon)
 d - a +2 long sword of flaming
 j - a +3 long sword
 m - a +0 fustibalus
 s - a +2 antimagic halberd
 t - a +2 spear of freezing
 F - a +3 great sword of freezing
Missiles
 g - 274 arrows
 h - 35 sling bullets
 l - 154 stones (quivered)
 p - a throwing net
 w - 111 bolts
Armour
 b - a +2 pair of gloves (worn)
 y - a +0 cloak (worn)
 B - the +0 leather armour of Mumblety Peg {SInv}
   (You found it on level 7 of the Dungeon)

   SInv:      It lets you see invisible.
 G - the +8 chain mail of Pyttij {rCorr Dex+4}
   (You bought it in a shop on level 9 of the Dungeon)

   Dex:       It affects your dexterity (+4).
   rCorr:     It protects you from acid and corrosion.
 H - a +1 chain mail of poison resistance (worn)
 I - a +0 kite shield
 K - the +0 leather armour of Lucidity {rElec Dex+3}
   (You found it on level 7 of the Dungeon)

   Dex:       It affects your dexterity (+3).
   rElec:     It insulates you from electricity.
 N - a +0 pair of boots of flying (worn)
Magical Staves
 r - a staff of poison
 J - a staff of air
Jewellery
 c - a +6 ring of strength (left hand)
 e - an amulet of guardian spirit (around neck)
 i - an amulet of regeneration
 k - a ring of positive energy (right hand)
 v - a +4 ring of protection
Wands
 E - a wand of digging (5)
Scrolls
 f - 6 scrolls of teleportation
 L - a scroll of fear
Potions
 n - a potion of berserk rage
 o - a potion of flight
 q - a potion of cancellation
 u - 2 potions of heal wounds
 x - a potion of mutation
 z - 4 potions of curing
 A - a potion of lignification
 C - a potion of might {unknown}
 D - a potion of degeneration {unknown}
Miscellaneous
 M - a tin of tremorstones (1/2)


   Skills:
 * Level 10.0 Fighting
 * Level 8.3 Armour
 * Level 8.4 Dodging
 - Level 3.6 Stealth
 - Level 1.0 Unarmed Combat
 * Level 9.1 Evocations


You had 10 spell levels left.
You didn't know any spells.
Your spell library contained the following spells:

 Spells                   Type           Power      Damage    Failure   Level
 Apportation              Tloc           0%         N/A       93%         1
 Ensorcelled Hibernation  Hex/Ice        0%         N/A       98%         2
 Poisonous Vapours        Pois/Air       0%         N/A       98%         2
 Call Canine Familiar     Summ           0%         N/A       100%        3
 Portal Projectile        Hex/Tloc       0%         N/A       100%        3
 Stone Arrow              Conj/Erth      0%         3d7       100%        3
 Tukima's Dance           Hex            0%         N/A       100%        3
 Animate Armour           Summ/Erth      0%         N/A       100%        4
 Leda's Liquefaction      Hex/Erth       0%         N/A       100%        4
 Iskenderun's Battlesphe  Conj           0%         2d6       100%        5
 Iron Shot                Conj/Erth      0%         9d1       100%        6
 Spellforged Servitor     Conj/Summ      0%         N/A       100%        7
 Disjunction              Tloc           0%         N/A       100%        8
 Lehudib's Crystal Spear  Conj/Erth      0%         10d2      100%        8


Dungeon Overview and Level Annotations

Branches:
Dungeon (9/15)             Temple (1/1) D:4            Lair (0/6) D:9
 Bailey (visited)
    Orc: D:9-12

Altars:
Ashenzari
Cheibriados
Dithmenos
Elyvilon
Fedhas
Gozag
Hepliaklqana
Kikubaaqudgha
Makhleb
Nemelex Xobeh
Okawaru
Qazlal
Ru
Sif Muna
Trog
Uskayaw
Vehumet
Wu Jian
Xom
Yredelemnul
Zin
The Shining One

Shops:
D:8 *   D:9 [[

Annotations:
D:4 2 runed translucent doors, Zigma's ghost, novice OpNe


Innate Abilities, Weirdness & Mutations

You have hoof-like feet.
You have a pair of horns on your head.
You sometimes gain power by taking damage.
You are partially covered in sharp spines.
Your touch may inflict minor irresistible damage on your foes.


Message History

You hear an angry buzzing noise.
The troll is struck by your spines. The troll closely misses you.
The troll claws you! The troll claws you but does no damage.
The troll closely misses you. x2; The troll barely misses you.
You sock the troll! You burn the troll.
You kill the troll!
You closely miss the yak.
The bullfrog is no longer distracted by gold.
The yak is struck by your spines. The yak gores you.
You sock the yak! You freeze the yak. You headbutt the yak!
The yak is almost dead.
The yak is distracted by your dazzling golden aura.
You barely miss the yak.
The yak is no longer distracted by gold.
The yak bellows!
You headbutt the yak, but do no damage.
The yak is almost dead.
The yak is struck by your spines.
You kill the yak!
The bullfrog hits you but does no damage.
A boulder beetle comes into view.
The bullfrog misses you.
Items here: $ )) [.
You hit the bullfrog.
The bullfrog seems to slow down.
You freeze the bullfrog.
You headbutt the bullfrog, but do no damage.
The bullfrog is lightly wounded.
The bullfrog is distracted by your dazzling golden aura.
You closely miss the bullfrog.
The bullfrog is no longer distracted by gold.
The bullfrog gives a loud, deep croak!
The bullfrog is lightly wounded.
You hear a roar!
The boulder beetle curls into a ball and begins rolling!
The bullfrog hits you but does no damage.
You thump the bullfrog!
The bullfrog flickers and vanishes!
Deactivating autopickup; reactivate with Ctrl-A.
You headbutt something. Something hits you but does no damage.
The boulder beetle hits you!!!
You die...
Your body crumbles into a pile of gold.

) #.# #.# o♣ #.##########.#
###.###............#
#Y....#............# $ #.♣♣♣#.♣♣♣
#......>.....# $ $ #....°...♣
#.##########.# #.♣♣♣#○♣♣♣♣#.# #.#
#.B{..#.##########.# ##
############@###...[........#
♣.♣♣.♣♣.♣.♣.♣.♣.♣.#............#
♣.♣.♣.♣.♣.♣♣♣.♣.♣#.#########..#
♣[.[♣.♣.♣...♣.♣.#.# #..#
♣.♣.♣.♣.♣.♣♣♣.♣.♣#.# #..#
♣.♣♣.♣♣.♣.♣.♣.♣.♣.#.# #..#
####...#############.# #..#
.....................#########..#
.[∩><∩......)...................#


You could see a boulder beetle (rolling).

Vanquished Creatures
  3 two-headed ogres
  2 orc knights (Bailey)
  3 trolls
  A hornet (D:9)
  A wraith (D:9)
  11 yaks
  A wyvern (D:8)
  2 water moccasins (D:7)
  4 ice beasts
  10 orc warriors
  3 ogres
  2 necrophages
  7 centaurs
  A phantom (D:5)
  A kobold brigand (D:7)
  4 bullfrogs
  2 scorpions (D:5)
  2 gnoll sergeants
  5 killer bees
  13 wights
  A howler monkey (D:9)
  3 centaur zombies
  A jelly (D:8)
  8 orc priests
  Crazy Yiuf (D:6)
  4 gnoll shamans
  6 hounds
  2 bullfrog skeletons
  3 iguanas (D:6)
  5 orc wizards
  A scorpion zombie (D:5)
  A killer bee zombie (D:8)
  A hound skeleton (D:5)
  3 howler monkey zombies
  7 adders
  26 gnolls
  A shadow imp (D:5)
  A white imp (D:5)
  20 orcs
  11 ball pythons
  3 bats
  7 endoplasms
  7 giant cockroaches
  4 goblins
  8 hobgoblins
  4 jackals (D:4)
  2 quokkas
  12 kobolds
  3 rats
234 creatures vanquished.

Vanquished Creatures (others)
  A bush (D:5)
  3 fungi (D:5)
  32 plants (D:7)
  4 toadstools (D:5)
40 creatures vanquished.

Grand Total: 274 creatures vanquished

Notes
Turn   | Place    | Note
-------+----------+-------------------------------------------
     0 | D:1      | DungeonMaster the Demonspawn Wanderer began the quest for
                  | the Orb.
     0 | D:1      | DungeonMaster set off with the following items: a +2
                  | dagger, a potion of haste, a potion of lignification, a
                  | piece from Xom's chessboard (15/15), a +0 robe
     0 | D:1      | Reached XP level 1. HP: 19/19 MP: 1/1
    16 | D:1      | You fall into a shaft and drop 1 floor!
   368 | D:1      | Gained mutation: You are partially covered in sharp spines.
                  | [demonic ancestry]
   368 | D:1      | Reached XP level 2. HP: 23/25 MP: 2/2
   539 | D:1      | Found a faded altar of an unknown god.
   557 | D:1      | Reached skill level 1 in Dodging
   910 | D:1      | Identified a scroll of acquirement
   910 | D:1      | Acquired 811 gold pieces
  1008 | D:2      | Discovered your monstrous ancestry.
  1008 | D:2      | Gained mutation: You have large cloven feet. [demonic
                  | ancestry]
  1008 | D:2      | Reached XP level 3. HP: 31/31 MP: 3/3
  1098 | D:2      | Reached skill level 1 in Armour
  1888 | D:3      | Reached XP level 4. HP: 9/38 MP: 0/4
  2409 | D:2      | Gained mutation: You sometimes gain a little power by
                  | taking damage. [demonic ancestry]
  2409 | D:2      | Reached XP level 5. HP: 27/43 MP: 3/5
  2970 | D:4      | Found a staircase to the Ecumenical Temple.
  2977 | Temple   | Entered the Ecumenical Temple
  3198 | D:4      | Reached skill level 5 in Fighting
  3199 | D:4      | Gained mutation: You sometimes gain power by taking damage.
                  | [demonic ancestry]
  3199 | D:4      | Reached XP level 6. HP: 18/51 MP: 2/6
  3567 | D:4      | Found a runed translucent door.
  3571 | D:4      | Noticed Zigma's ghost (novice OpNe)
  4058 | D:4      | Found a runed translucent door.
  4356 | D:5      | Entered Level 5 of the Dungeon
  4356 | D:5      | Noticed a two-headed ogre
  4471 | D:4      | HP: 1/51 [gnoll (2)]
  5090 | D:4      | Gained mutation: You have hoof-like feet. [demonic
                  | ancestry]
  5090 | D:4      | Reached XP level 7. HP: 48/56 MP: 5/7
  5759 | D:5      | Reached skill level 6 in Fighting
  6199 | D:5      | Gained mutation: Your touch may inflict minor irresistible
                  | damage on your foes. [demonic ancestry]
  6199 | D:5      | Reached XP level 8. HP: 56/64 MP: 6/8
  6758 | D:6      | Reached skill level 5 in Evocations
  7247 | D:6      | Reached skill level 5 in Dodging
  7263 | D:6      | Reached skill level 7 in Fighting
  7460 | D:6      | Reached skill level 5 in Armour
  7565 | D:6      | Noticed a two-headed ogre
  7613 | D:5      | Gained mutation: You have a pair of small horns on your
                  | head. [demonic ancestry]
  7613 | D:5      | Reached XP level 9. HP: 32/72 MP: 9/9
  8054 | D:6      | Noticed a troll
  8069 | D:6      | Killed a troll
  8418 | D:6      | Found a runed translucent door.
  8419 | D:6      | Noticed Crazy Yiuf
  8427 | D:6      | Killed Crazy Yiuf
  8808 | D:7      | Identified the +0 leather armour of Mumblety Peg {SInv}
  9376 | D:7      | Reached skill level 8 in Fighting
 10156 | D:7      | Noticed a two-headed ogre
 10164 | D:7      | Killed a two-headed ogre
 10165 | D:7      | Gained mutation: You have a pair of horns on your head.
                  | [demonic ancestry]
 10165 | D:7      | Reached XP level 10. HP: 60/82 MP: 7/10
 10549 | D:7      | Identified the +1 buckler "Apid" {rN+ Int+2}
 10746 | D:7      | Identified the +0 leather armour of Lucidity {rElec Dex+3}
 11141 | D:5      | Killed a two-headed ogre
 11338 | D:6      | Killed a two-headed ogre
 11339 | D:6      | Reached skill level 9 in Fighting
 11499 | D:8      | Found a flagged portal.
 11511 | Bailey   | Entered a bailey
 11511 | Bailey   | Noticed an orc knight
 11513 | Bailey   | Noticed an orc knight
 11559 | Bailey   | Killed an orc knight
 15040 | Bailey   | Killed an orc knight
 15071 | Bailey   | Got the Catalogue of Unstable Contamination
 15157 | D:8      | Reached XP level 11. HP: 71/86 MP: 7/11
 16151 | D:8      | Found Tuvy Fin's CLEARANCE SALE!.
 16619 | D:9      | Found a staircase to the Lair.
 16804 | D:9      | Found an opulent altar of Gozag.
 16808 | D:9      | Found a sacrificial altar of Ru.
 16815 | D:9      | Became a worshipper of Gozag Ym Sagoz the Greedy
 17118 | D:9      | Bought a +1 chain mail of poison resistance for 162 gold
                  | pieces
 17118 | D:9      | Bought a +0 pair of boots of flying for 138 gold pieces
 17141 | D:9      | Bought a translucent chain mail for 351 gold pieces
 17141 | D:9      | Identified the +8 chain mail of Pyttij {rCorr Dex+4} (You
                  | bought it in a shop on level 9 of the Dungeon)
 17188 | D:9      | Reached skill level 10 in Fighting
 17196 | D:9      | Noticed a boulder beetle
 17199 | D:9      | Slain by a boulder beetle

Illustrated notes

Levels and vault maps discovered:
D:1:      minmay_arrival_doors, layout_basic,
          shapermc_ecumenical_altar_starsandcircs, glass_columns_b
D:2:      layout_basic
D:3:      layout_loops_cross
D:4:      layout_loops_ring, minmay_temple_entry_fiery, ebering_ghost_sewer_f
D:5:      layout_basic, minmay_gold_behind_fungi, kb_lookout_dungeons_type
D:6:      layout_cave_pools, uniq_crazy_yiuf_cottage
D:7:      kennysheep_housing_project, layout_loops_cross
D:8:      layout_loops_cross, enter_bailey_4, nicolae_shop_clearance
D:9:      nzn_winding_woodlands_medium [nzn_winding_woodlands_5x5_perimeter,
          nzn_winding_woodlands_5x15_split_checker,
          nzn_winding_woodlands_5x5_checkerboard,
          nzn_winding_woodlands_5x5_cross,
          nzn_winding_woodlands_center_pierced_h,
          nzn_winding_woodlands_5x5_three,
          nzn_winding_woodlands_5x5_closed_star,
          nzn_winding_woodlands_5x15_parted,
          nzn_winding_woodlands_5x5_open_star], layout_long_grid,
          mainiacjoe_overflow_catwalk_spiral, lair_entry_dummy, serial_glass,
          glass_columns_a, glass_columns_a, glass_columns_b, glass_columns_c,
          glass_columns_a, glass_columns_c, glass_columns_a, glass_columns_a,
          nicolae_underground_beach, uniq_grum
Temple:   regret_index_temple_chain_breaker

Skill      XL: |  1  2  3  4  5  6  7  8  9 10 11 |
---------------+----------------------------------+-----
Dodging        | 1 2 3 4 5 6 7 8 |  8.4
Armour         | 1 2 3 5 6 7 8 |  8.3
Evocations     | 2 3 4 5 7 8 9 |  9.1
Fighting       | 5 6 7 8 9 10 | 10.0
Stealth        | |  3.6
Unarmed Combat | |  1.0

Action                   |  1- 3 |  4- 6 |  7- 9 | 10-12 || total
-------------------------+-------+-------+-------+-------++-------
Melee: Dagger            |    69 |   137 |   140 |       ||   346
       Punch             |     1 |     1 |     1 |       ||     3
       Kick              |     4 |    34 |    93 |    57 ||   188
       Touch             |       |       |    20 |       ||    20
       Quarterstaff      |       |       |    69 |   177 ||   246
       Headbutt          |       |       |    22 |    48 ||    70
       Halberd           |       |       |     9 |       ||     9
 Fire: Fustibalus        |       |       |       |    30 ||    30
Throw: Dart              |     3 |    18 |    34 |    18 ||    73
       Stone             |       |     7 |     3 |     8 ||    18
Invok: Call Merchant     |       |       |       |     2 ||     2
Evoke: Wand              |       |       |     4 |     8 ||    12
       Tin of tremorston |       |       |       |     1 ||     1
  Use: Scroll            |     2 |     3 |     6 |     4 ||    15
       Potion            |     1 |     3 |     1 |     1 ||     6
 Stab: Sleeping          |     7 |     4 |       |     1 ||    12
       Petrified         |       |       |     4 |       ||     4
       Distracted        |       |       |       |     1 ||     1
Armor: Robe              |     2 |       |       |       ||     2
       Ring mail         |    21 |    24 |       |    92 ||   137
       Chain mail        |       |    26 |    97 |    26 ||   149
       Skin              |       |    18 |       |       ||    18
Dodge: Dodged            |    29 |    59 |   101 |   285 ||   474

Table legend: (Time is in decaauts)
 A = Elapsed time spent in this place.
 B = Non-inter-level travel time spent in this place.
 C = Inter-level travel time spent in this place.
 D = Time resting spent in this place.
 E = Time spent auto-exploring this place.
 F = Levels seen in this place.
 G = Mean time per level.
                   A        B        C        D        E       F      G
               +--------+--------+--------+--------+--------+-----+--------+
         Total |  17306 |  16629 |    677 |   8092 |   5620 |  11 | 1573.3 |
       Dungeon |  13581 |  12918 |    663 |   4994 |   5525 |   9 | 1509.0 |
        Temple |    128 |    114 |     14 |      0 |     95 |   1 |  128.0 |
        Bailey |   3596 |   3596 |      0 |   3098 |      0 |   1 | 3596.0 |
               +--------+--------+--------+--------+--------+-----+--------+

Top non-repeatable levels by time:
  Bailey: 3596 daAuts
     D:7: 2616 daAuts
     D:4: 2483 daAuts
     D:6: 1802 daAuts
     D:5: 1659 daAuts
     D:8: 1489 daAuts
     D:2: 1297 daAuts
     D:1: 887 daAuts
     D:3: 713 daAuts
     D:9: 632 daAuts
  Temple: 128 daAuts
